[Event "ICC Open 2015"]
[Site "Internet Chess Club"]
[Date "2015.05.29"]
[Round "6"]
[White "DropZone"]
[Black "manitodeplomo"]
[Result "0-1"]
[ICCResult "White checkmated"]
[WhiteElo "2104"]
[BlackElo "2628"]
[Opening "Old Benoni defense"]
[ECO "A43"]
[NIC "OI.09"]
[Time "20:23:01"]
[TimeControl "180+0"]

1. d4 c5 2. c3 Nf6 3. Nf3 Qc7 4. Bg5 Ne4 5. Bh4 b6 6. e3 Bb7 7. Nbd2 d6 8.
Nxe4 Bxe4 9. Be2 Nd7 10. O-O g6 11. Nd2 Bb7 12. Bf3 Bg7 13. Bxb7 Qxb7 14.
Qf3 Qxf3 15. Nxf3 Nf6 16. Rfe1 Rc8 17. h3 Ne4 18. Rad1 h6 19. Nd2 Nxd2 20.
Rxd2 Kd7 21. Bg3 g5 22. a3 a5 23. f3 a4 24. Bf2 f5 25. e4 fxe4 26. Rxe4 cxd4
27. Bxd4 Bxd4+ 28. Rexd4 b5 29. Rd5 Kc6 30. Rf5 Rhf8 31. Rxf8 Rxf8 32. Kf2
e5 33. Ke3 d5 34. g3 h5 35. Rh2 Kc5 36. Kd3 Rxf3+ 37. Kc2 Rxg3 38. Rf2 e4
39. Rf5 Kc4 40. h4 gxh4 41. Rxh5 h3 42. Kd2 Rg2+ 43. Ke3 h2 44. Kf4 Rxb2 45.
Ke3 Kxc3 46. Rh3 Kc4 47. Kf4 b4 48. axb4 a3 49. b5 a2 50. b6 a1=Q 51. b7
Rxb7 52. Kf5 Rf7+ 53. Kg4 Qg7+ 54. Kh4 Rf4+ 55. Kh5 Qg4+ 56. Kh6 Rf6+ 57.
Kh7 Qg6+ 58. Kh8 Rf8# {White checkmated} 0-1

[Event "ICC Open 2015"]
[Site "Internet Chess Club"]
[Date "2015.05.29"]
[Round "6"]
[White "warlord1"]
[Black "antizwi"]
[Result "0-1"]
[ICCResult "White forfeits on time"]
[WhiteElo "1562"]
[BlackElo "1955"]
[Opening "Queen's pawn game"]
[ECO "E00"]
[NIC "QP.07"]
[Time "20:22:34"]
[TimeControl "180+0"]

1. d4 Nf6 2. c4 e6 3. h3 Bb4+ 4. Bd2 Qe7 5. a3 Bxd2+ 6. Nxd2 d6 7. e3 e5 8.
d5 O-O 9. Bd3 e4 10. Bc2 c6 11. dxc6 bxc6 12. Ne2 d5 13. Ng3 Nbd7 14. b4 Ne5
15. c5 Be6 16. O-O g6 17. Nb3 Ne8 18. Nd4 Bd7 19. Ba4 Rc8 20. Qc2 Ng7 21.
Nge2 f5 22. f4 exf3 23. gxf3 Nc4 24. Qd3 Qxe3+ 25. Qxe3 Nxe3 26. Rfe1 Rfe8
27. Kf2 Nc4 28. Nf4 g5 29. Nd3 h6 30. Bb3 Nd2 31. Bd1 f4 32. Ne5 Bxh3 33.
Ndxc6 Nc4 34. Nxc4 Rxe1 35. Kxe1 Rxc6 36. Nd6 Nf5 37. Bb3 Ne3 38. Kf2 Bf5
39. Re1 Bg6 40. Rxe3 fxe3+ 41. Kxe3 Rc7 42. Bxd5+ Kh7 {White forfeits on
time} 0-1

[Event "ICC Open 2015"]
[Site "Internet Chess Club"]
[Date "2015.05.29"]
[Round "6"]
[White "Svinotigr"]
[Black "spartan62"]
[Result "1-0"]
[ICCResult "Black resigns"]
[WhiteElo "1620"]
[BlackElo "1291"]
[Opening "Réti: old Indian attack"]
[ECO "A06"]
[NIC "QP.09"]
[Time "20:23:18"]
[TimeControl "180+0"]

1. Nf3 d5 2. d3 c5 3. Nbd2 Nc6 4. e4 dxe4 5. dxe4 Bg4 6. g3 Qa5 7. c3 O-O-O
8. Bg2 Nf6 9. Qe2 Ne5 10. O-O Nd3 11. e5 Nd5 12. Qxd3 Nf4 13. Qe4 Nh3+ 14.
Kh1 Be6 15. Nc4 Bxc4 16. Qxc4 Nxf2+ 17. Rxf2 Rd1+ 18. Rf1 Rxf1+ 19. Qxf1 e6
20. b4 cxb4 21. cxb4 Bxb4 22. Be3 Bc3 23. Rc1 Kb8 24. Qc4 Bb2 25. Rb1 Bxe5
26. Nxe5 Qxe5 27. Bf4 {Black resigns} 1-0

[Event "ICC Open 2015"]
[Site "Internet Chess Club"]
[Date "2015.05.29"]
[Round "6"]
[White "RobbieWilliams"]
[Black "bythebook"]
[Result "1-0"]
[ICCResult "Black forfeits on time"]
[WhiteElo "1741"]
[BlackElo "1726"]
[Opening "Queen's pawn game"]
[ECO "A45"]
[NIC "QP.07"]
[Time "20:23:54"]
[TimeControl "180+0"]

1. d4 Nf6 2. e3 g6 3. Nc3 Bg7 4. e4 d6 5. f3 O-O 6. Be3 e5 7. Nge2 Nc6 8.
Qd2 Re8 9. O-O-O exd4 10. Nxd4 Bd7 11. Kb1 a6 12. g4 b5 13. h4 Ne5 14. Be2
b4 15. Nd5 Nxd5 16. exd5 a5 17. Bh6 Bh8 18. h5 a4 19. hxg6 fxg6 20. Rh2 b3
21. cxb3 axb3 22. a3 Qe7 23. Bg5 Qg7 24. Rdh1 Nf7 25. Be3 Rxe3 26. Qxe3 Qxd4
27. Qxd4 Bxd4 28. Rxh7 Re8 29. Bd3 Ng5 30. R7h2 {Black forfeits on time} 1-0

[Event "ICC Open 2015"]
[Site "Internet Chess Club"]
[Date "2015.05.29"]
[Round "6"]
[White "shredded"]
[Black "kingmate"]
[Result "0-1"]
[ICCResult "White forfeits on time"]
[WhiteElo "2727"]
[BlackElo "2334"]
[Opening "Nimzo-Indian: classical, Noa variation, main line, 7.Qc2"]
[ECO "E37"]
[NIC "NI.23"]
[Time "20:22:30"]
[TimeControl "180+0"]

1. d4 e6 2. c4 Nf6 3. Nc3 Bb4 4. Qc2 d5 5. a3 Bxc3+ 6. Qxc3 Ne4 7. Qc2 c5 8.
e3 Nc6 9. Nf3 Qa5+ 10. Bd2 Nxd2 11. Qxd2 dxc4 12. Qxa5 Nxa5 13. dxc5 b5 14.
cxb6 axb6 15. Rc1 b5 16. Nd4 Bd7 17. Be2 Ke7 18. f4 Rab8 19. Nc2 Bc6 20. Kf2
Be4 21. Nb4 Rhd8 22. Rhd1 Nb3 23. Rxd8 Rxd8 24. Rd1 Rxd1 25. Bxd1 Nc1 26. g3
Kd6 27. Ke1 Kc5 28. Kd2 Nd3 29. Nxd3+ Bxd3 30. Kc3 Be4 31. g4 f6 32. h4 e5
33. fxe5 fxe5 34. g5 h6 35. Bg4 Bd5 36. Bf5 Bf3 37. Bg6 Bd5 38. Be8 Be6 39.
Bg6 Bd5 40. Bc2 Be6 41. Be4 Bf7 42. Bf5 Bd5 43. Bg4 Bf7 44. Be2 Bd5 45. Bf1
Bf7 46. Bg2 Be6 47. Bf3 Bf7 48. Be4 Be6 49. Bc2 Bd5 50. b3 cxb3 51. Bxb3 Be4
52. Be6 Bc6 53. Kd3 Kd6 54. Bb3 Bf3 55. Bg8 Ke7 56. Kc3 Kd6 57. Kb4 Kc6 58.
Bf7 Kb6 59. Be8 Be2 60. gxh6 gxh6 61. Bf7 Bd3 62. Be6 Be2 63. Bd5 Bd3 64.
Bb3 Be2 65. Kc3 Bf1 66. Bc2 Kc5 67. Bd3 Bxd3 68. Kxd3 Kd5 69. e4+ Kc5 70.
Kc3 h5 71. Kb3 Kd4 72. Kb4 Kxe4 73. Kxb5 Kf4 74. a4 e4 75. a5 e3 76. a6 e2
77. a7 e1=Q 78. a8=Q Qe2+ 79. Kc5 Qe3+ 80. Kb4 Qd4+ 81. Kb3 Qd3+ 82. Kb2
Qe2+ 83. Kc3 Kg4 84. Qd8 Qe3+ 85. Kc2 Qf2+ 86. Kd3 Qf3+ 87. Kd2 Qf4+ 88. Ke2
Kg3 89. Qg5+ Qg4+ 90. Qxg4+ Kxg4 91. Kf2 Kxh4 92. Kg1 Kg4 93. Kh1 h4 94. Kg1
Kg5 95. Kh1 Kh5 96. Kg1 Kg4 97. Kh1 Kg3 98. Kg1 h3 99. Kh1 Kh4
{White forfeits on time}
0-1

[Event "ICC Open 2015"]
[Site "Internet Chess Club"]
[Date "2015.05.29"]
[Round "6"]
[White "FedoseevVl95"]
[Black "burbur"]
[Result "1-0"]
[ICCResult "Black forfeits on time"]
[WhiteElo "3053"]
[BlackElo "2562"]
[Opening "Caro-Kann: two knights variation"]
[ECO "B10"]
[NIC "CK.01"]
[Time "20:22:30"]
[TimeControl "180+0"]

1. e4 c6 2. Nf3 d5 3. Nc3 dxe4 4. Nxe4 Nd7 5. Bc4 Ndf6 6. Ng3 Nh6 7. O-O g6
8. d4 Bg7 9. c3 O-O 10. Ne5 Nf5 11. Qb3 Nd5 12. Re1 Nxg3 13. hxg3 e6 14. Bd2
Qc7 15. Rad1 b6 16. Bd3 Bb7 17. c4 Ne7 18. Bf4 Qd8 19. Be4 Rc8 20. Qa3 a5
21. Bf3 Nf5 22. Qc3 g5 23. Bc1 h6 24. Be4 Qc7 25. g4 Nxd4 26. Rxd4 Bxe5 27.
Bb1 Bxd4 28. Qxd4 f6 29. c5 bxc5 30. Qxc5 Rcd8 31. b3 Qd6 32. Qxa5 c5 33.
Be3 Rc8 34. Qc3 Qd5 35. f3 e5 36. Qc2 Qf7 37. Qe2 c4 38. Bf5 Rc7 39. bxc4
Ba6 40. Be4 Bxc4 41. Qd2 Rfc8 42. Ra1 Be6 43. Kh2 f5 44. gxf5 Bxf5 45. Bd5
Be6 46. Be4 Bf5 47. Bxf5 Qxf5 48. Qd5+ Qf7 49. Qxe5 Rc5 50. Bxc5 Re8 51. Qd4
{Black forfeits on time}
1-0

[Event "ICC Open 2015"]
[Site "Internet Chess Club"]
[Date "2015.05.29"]
[Round "6"]
[White "pvchandu"]
[Black "Cinzento"]
[Result "0-1"]
[ICCResult "White checkmated"]
[WhiteElo "1429"]
[BlackElo "1711"]
[Opening "Pirc defense"]
[ECO "B07"]
[NIC "PU.07"]
[Time "20:23:11"]
[TimeControl "180+0"]

1. d4 Nf6 2. Nc3 g6 3. e4 d6 4. Be3 Bg7 5. Qd2 Ng4 6. Bf4 Nd7 7. h3 Ngf6 8.
d5 Nc5 9. f3 Nh5 10. Bh2 e5 11. Bb5+ Bd7 12. Bc4 O-O 13. Nge2 a6 14. O-O b5
15. Bd3 f5 16. b4 Nxd3 17. cxd3 f4 18. a4 Rb8 19. axb5 axb5 20. Nc1 Ng3 21.
Rf2 Bf6 22. N3e2 Bh4 23. Nb3 h5 24. d4 Qg5 25. dxe5 dxe5 26. Nc5 Bxh3 27.
Ne6 Bxe6 28. dxe6 Rfd8 29. Qc3 Qe7 30. Qc6 Rd6 31. Qc5 Rxe6 32. Ra5 Qd7 33.
Qc1 Rd8 34. Nc3 Qd4 35. Nd5 Ne2+ 36. Kf1 Qxf2# {White checkmated} 0-1

[Event "ICC Open 2015"]
[Site "Internet Chess Club"]
[Date "2015.05.29"]
[Round "6"]
[White "ganesh"]
[Black "supermonkey"]
[Result "0-1"]
[ICCResult "White forfeits on time"]
[WhiteElo "1603"]
[BlackElo "1853"]
[Opening "Scandinavian defense"]
[ECO "B01"]
[NIC "SD.03"]
[Time "20:23:00"]
[TimeControl "180+0"]

1. e4 d5 2. exd5 Nf6 3. d4 Bg4 4. f3 Bf5 5. Nc3 Nxd5 6. Nxd5 Qxd5 7. c4 Qd6
8. c5 Qd5 9. Bd3 Bxd3 10. Qxd3 Nc6 11. Be3 O-O-O 12. O-O-O Qxa2 13. Qa3 Qc4+
14. Qc3 Qa4 15. Qa3 Qc4+ 16. Qc3 Qd5 17. Ne2 Qf5 18. Ng3 Qd5 19. Ne2 Qf5 20.
Ng3 Qg6 21. d5 Nb8 22. c6 bxc6 23. Bxa7 Rxd5 24. Rxd5 cxd5 25. Bxb8 Kxb8 26.
Qb3+ Qb6 27. Qxd5 e6 28. Qd8+ Kb7 29. Qd3 Bd6 30. Ne4 Rd8 31. Qc2 f5 32. Nc3
Be5 33. Rd1 Rxd1+ 34. Qxd1 Bxc3 35. bxc3 Qe3+ 36. Qd2 Qxd2+ 37. Kxd2 Kc6 38.
Kd3 Kd5 39. f4 e5 40. c4+ Ke6 41. g3 e4+ 42. Kd4 Kd6 43. c5+ Kc6 44. h3 h5
45. h4 g6 46. Kc4 e3 47. Kd3 Kxc5 48. Kxe3 Kc4 49. Kd2 Kd4 50. Ke2 Ke4 51.
Kf2 c5 52. Ke2 c4 53. Kf2 c3 54. Ke2 c2 55. Kd2 Kf3 {White forfeits on time}
0-1

[Event "ICC Open 2015"]
[Site "Internet Chess Club"]
[Date "2015.05.29"]
[Round "6"]
[White "eltigrecu"]
[Black "orak"]
[Result "1-0"]
[ICCResult "Black forfeits on time"]
[WhiteElo "2034"]
[BlackElo "1607"]
[Opening "Old Benoni defense"]
[ECO "A43"]
[NIC "OI.09"]
[Time "20:22:32"]
[TimeControl "180+0"]

1. d4 c5 2. Bg5 h6 3. Bh4 g5 4. Bg3 Bg7 5. c3 f5 6. e3 Nf6 7. Be5 cxd4 8.
Bxf6 Bxf6 9. Qh5+ Kf8 10. exd4 Nc6 11. Bd3 d5 12. Nf3 e5 13. dxe5 Nxe5 14.
Nxe5 Bxe5 15. Nd2 Qe7 16. O-O Be6 17. Rfe1 Bf7 18. Qf3 f4 19. Nb3 Kg7 20.
Nd4 Qf6 21. Nb5 a6 22. Na3 Rae8 23. Rad1 h5 24. h3 Kh6 25. Bc2 Rhg8 26. Bb3
g4 27. hxg4 hxg4 28. Qd3 Rd8 29. Bc2 Rg7 30. Qf5 Re8 31. Qxf6+ Bxf6 32. Rxe8
Bxe8 33. Rxd5 g3 34. fxg3 fxg3 35. Rd6 Kg5 36. Nc4 Re7 37. Rd5+ Kh6 38. Rd1
Re2 39. Bd3 Rf2 40. Rf1 Rxf1+ 41. Bxf1 Bc6 42. Be2 b5 43. Nd2 Kg5 44. Bf3
Bd7 45. Kf1 Bc8 46. Ke2 Kf4 47. Ne4 Be5 48. Nc5 b4 49. Nd3+ Kf5 50. Nxe5
Kxe5 51. cxb4 Bd7 52. Kd3 Bb5+ 53. Kc3 Kf4 54. b3 Ke3 55. a4 Bd7 56. Kc4
Be6+ 57. Bd5 Bf5 58. b5 Bd3+ 59. Kc5 axb5 60. axb5 Bc2 61. b6
{Black forfeits on time}
1-0

[Event "ICC Open 2015"]
[Site "Internet Chess Club"]
[Date "2015.05.29"]
[Round "6"]
[White "lsokol"]
[Black "nihil95"]
[Result "1-0"]
[ICCResult "Black checkmated"]
[WhiteElo "2348"]
[BlackElo "1745"]
[Opening "Old Indian defense"]
[ECO "A42"]
[NIC "KI.75"]
[Time "20:23:15"]
[TimeControl "180+0"]

1. d4 d6 2. c4 c6 3. Nc3 g6 4. Nf3 Bg7 5. g3 Nf6 6. Bg2 O-O 7. O-O Qc7 8. e4
Bg4 9. Be3 Nbd7 10. h3 Bxf3 11. Bxf3 e5 12. d5 c5 13. g4 a6 14. a3 Nb6 15.
Qd3 Qe7 16. b4 Nbd7 17. Rab1 b6 18. Kg2 Rab8 19. Rb2 a5 20. Rfb1 axb4 21.
axb4 h5 22. Nb5 hxg4 23. hxg4 Nh7 24. bxc5 bxc5 25. Na7 Rxb2 26. Rxb2 Ra8
27. Nc6 Qf6 28. Rb7 Ndf8 29. Qd2 Ra3 30. g5 Nxg5 31. Bg4 Nxe4 32. Qb2 Ra8
33. Ne7+ Kh7 34. f3 Ng5 35. Kg3 Bh6 36. Qd2 e4 37. f4 Nf3 38. Bxf3 exf3 39.
Kxf3 Ra3 40. Rb8 Bxf4 41. Rxf8 Rxe3+ 42. Kf2 Qg5 43. Rxf7+ Kh8 44. Qb2+ Be5
45. Qb8# {Black checkmated} 1-0

[Event "ICC Open 2015"]
[Site "Internet Chess Club"]
[Date "2015.05.29"]
[Round "6"]
[White "TallTower"]
[Black "chessassassin"]
[Result "0-1"]
[ICCResult "White checkmated"]
[WhiteElo "1756"]
[BlackElo "1787"]
[Opening "Robatsch (modern) defense"]
[ECO "B06"]
[NIC "KF.05"]
[Time "20:23:08"]
[TimeControl "180+0"]

1. e4 g6 2. d4 Bg7 3. Nc3 d6 4. Be3 a6 5. a4 b6 6. Qd2 Bb7 7. f4 Nd7 8. Nf3
Ngf6 9. Bd3 O-O 10. e5 Ng4 11. Bg1 c5 12. h3 Nh6 13. Ne4 cxd4 14. Bxd4 dxe5
15. fxe5 Nf5 16. Bc3 Bxe4 17. Bxe4 Ng3 18. Bxa8 Nxh1 19. Bc6 Nc5 20. O-O-O
Qxd2+ 21. Kxd2 Nf2 22. Rf1 Nfe4+ 23. Bxe4 Nxe4+ 24. Kd3 Nxc3 25. Kxc3 Rc8+
26. Kb3 Rc5 27. Re1 e6 28. Re4 h6 29. Rb4 b5 30. axb5 axb5 31. c4 bxc4+ 32.
Rxc4 Rb5+ 33. Rb4 Rd5 34. Ka4 Bxe5 35. Rb7 Bf6 36. b4 e5 37. b5 e4 38. Ne1
e3 39. b6 e2 40. Rb8+ Kg7 41. b7 Rd7 42. Kb5 Bc3 43. Nf3 e1=Q 44. Nxe1 Bxe1
45. Kc6 Re7 46. Rd8 Bg3 47. Kb6 Bc7+ 48. Ka7 Bxd8 49. Ka8 Bc7 50. Ka7 f5 51.
Ka6 g5 52. Kb5 f4 53. Kc4 Bb8 54. Kd3 Rxb7 55. Kd4 Rb2 56. Ke4 Rxg2 57. Kf3
Rh2 58. Ke4 Rxh3 59. Kf5 f3 60. Kg4 f2 61. Kxh3 f1=Q+ 62. Kg4 Qf4+ 63. Kh5
Qh4# {White checkmated} 0-1

[Event "ICC Open 2015"]
[Site "Internet Chess Club"]
[Date "2015.05.29"]
[Round "6"]
[White "PajoPatak"]
[Black "Plantdawg"]
[Result "1-0"]
[ICCResult "Black forfeits on time"]
[WhiteElo "1588"]
[BlackElo "1795"]
[Opening "Sicilian: closed"]
[ECO "B23"]
[NIC "SI.44"]
[Time "20:23:15"]
[TimeControl "180+0"]

1. e4 c5 2. Nc3 d6 3. f4 a6 4. Nf3 e6 5. g3 g6 6. Bg2 Bg7 7. O-O Ne7 8. d3
Nbc6 9. Kh1 Bd7 10. h3 b5 11. Ne2 Rb8 12. c3 a5 13. d4 Qb6 14. g4 d5 15. Ng3
h5 16. gxh5 gxh5 17. Ne5 h4 18. Nh5 Bxe5 19. fxe5 cxd4 20. Nf6+ Kd8 21. exd5
Nxd5 22. Nxd5 exd5 23. Bg5+ Ke8 24. Bxd5 Be6 25. Bg2 dxc3 26. bxc3 Nxe5 27.
Bf6 Ng6 28. Bxh8 Nxh8 29. Qh5 Ng6 30. Rae1 Kd7 31. Rd1+ Ke7 32. Qg5+ Ke8 33.
Rfe1 b4 34. cxb4 axb4 35. Bd5 Rd8 36. Bxe6 Rxd1 37. Rxd1
{Black forfeits on time}
1-0

[Event "ICC Open 2015"]
[Site "Internet Chess Club"]
[Date "2015.05.29"]
[Round "6"]
[White "vincentparagas"]
[Black "receipt"]
[Result "1-0"]
[ICCResult "Black forfeits on time"]
[WhiteElo "1587"]
[BlackElo "1086"]
[Opening "Queen's pawn, Mason variation"]
[ECO "D00"]
[NIC "QP.08"]
[Time "20:23:04"]
[TimeControl "180+0"]

1. d4 d5 2. Bf4 c6 3. c3 Nf6 4. Nd2 Nbd7 5. Qb3 Qb6 6. e3 Qxb3 7. axb3 Nh5
8. Ne2 Nxf4 9. Nxf4 e5 10. dxe5 Nxe5 11. Be2 Bd6 12. O-O O-O 13. c4 Ng6 14.
Nxg6 fxg6 15. Nf3 Bg4 16. h3 Bf5 17. Nd4 Bd7 18. Rfd1 a6 19. cxd5 cxd5 20.
Bf3 Bc6 21. Rdc1 Rac8 22. Nxc6 Rxc6 23. Rxc6 bxc6 24. Rxa6 Rc8 25. b4 Bxb4
26. Kh2 Kf7 27. Ra7+ Kf6 28. Rb7 c5 29. Bxd5 Rd8 30. e4 Rf8 31. g3 h5 32. f4
g5 33. Rb6+ Ke7 34. Re6+ Kd7 35. Rg6 gxf4 36. Rxg7+ Kd6 37. g4 hxg4 38. hxg4
f3 39. Kg1 f2+ 40. Kf1 Be1 41. Rf7 Rh8 42. Ke2 Rh2 43. Ba8 Rh1 44. e5+ Kxe5
45. Bxh1 {Black forfeits on time} 1-0

[Event "ICC Open 2015"]
[Site "Internet Chess Club"]
[Date "2015.05.29"]
[Round "6"]
[White "sahilmd"]
[Black "HardAsfalt"]
[Result "0-1"]
[ICCResult "White forfeits on time"]
[WhiteElo "2072"]
[BlackElo "1714"]
[Opening "Dutch: Staunton gambit, Staunton's line"]
[ECO "A83"]
[NIC "HD.11"]
[Time "20:23:56"]
[TimeControl "180+0"]

1. d4 f5 2. e4 fxe4 3. Nc3 Nf6 4. Bg5 e6 5. Nxe4 Be7 6. Bxf6 Bxf6 7. Nf3 O-O
8. Bd3 d5 9. Nxf6+ Qxf6 10. O-O Bd7 11. c3 c5 12. Ne5 cxd4 13. cxd4 a6 14.
Qc2 h6 15. Rac1 Bb5 16. Bh7+ Kh8 17. Bd3 Bxd3 18. Qxd3 Kg8 19. Rc7 b5 20. f3
Qf5 21. Qc3 a5 {White forfeits on time} 0-1

[Event "ICC Open 2015"]
[Site "Internet Chess Club"]
[Date "2015.05.29"]
[Round "6"]
[White "random27182"]
[Black "darthvader"]
[Result "1-0"]
[ICCResult "Black checkmated"]
[WhiteElo "1876"]
[BlackElo "1902"]
[Opening "Pirc: Ufimtsev-Pytel variation"]
[ECO "B07"]
[NIC "PU.08"]
[Time "20:22:30"]
[TimeControl "180+0"]

1. e4 d6 2. d4 Nf6 3. Nc3 c6 4. Be3 Nbd7 5. f3 e5 6. Bc4 Be7 7. Nge2 O-O 8.
Qd2 b5 9. Bb3 a5 10. a4 b4 11. Nd1 c5 12. c3 Ba6 13. O-O cxd4 14. cxd4 Rc8
15. Nf2 Re8 16. Rac1 Rxc1 17. Rxc1 exd4 18. Nxd4 Ne5 19. Nc6 Nxc6 20. Rxc6
Bb7 21. Bb6 Qa8 22. Rc7 Bf8 23. Bxf7+ Kh8 24. Bxe8 Nxe8 25. Rf7 Kg8 26. Rf5
Nf6 27. e5 dxe5 28. Rxe5 Ba6 29. Ne4 Nxe4 30. Rxe4 Qc6 31. Bf2 h6 32. g3 Bc5
33. b3 Bxf2+ 34. Kxf2 Qc5+ 35. Kg2 Qf5 36. Qd8+ Kh7 37. Qd6 Bb7 38. Rf4 Qc2+
39. Kg1 Qxb3 40. Qe5 Qd1+ 41. Kf2 Qd2+ 42. Qe2 Qd5 43. Qe4+ Qxe4 44. fxe4
Kg6 45. Ke3 Bc6 46. Rf5 Bxa4 47. Rxa5 Bc2 48. Ra6+ Kf7 49. Rb6 b3 50. Kd4 h5
51. e5 g6 52. h4 Bd1 53. Kd5 Ke7 54. e6 Bf3+ 55. Ke5 Bg2 56. Rxb3 Bh1 57.
Rc3 Bg2 58. Rc7+ Kd8 59. Rg7 Bf1 60. Kf6 Bd3 61. e7+ Kd7 62. Rg8 g5 63.
e8=Q+ Kd6 64. hxg5 Bc4 65. Qe7+ Kd5 66. Rc8 Kd4 67. Rxc4+ Kxc4 68. g6 Kd4
69. g7 Kc4 70. g8=Q+ Kd4 71. Qgd8+ Kc4 72. Qec7+ Kb3 73. Qdb8+ Ka3 74. Qca7#
{Black checkmated}
1-0

[Event "ICC Open 2015"]
[Site "Internet Chess Club"]
[Date "2015.05.29"]
[Round "6"]
[White "DarkThrone"]
[Black "Rotchopf"]
[Result "1-0"]
[ICCResult "Black checkmated"]
[WhiteElo "2392"]
[BlackElo "1887"]
[Opening "Old Indian defense"]
[ECO "A53"]
[NIC "OI.04"]
[Time "20:23:29"]
[TimeControl "180+0"]

1. d4 d6 2. c4 Nf6 3. Nc3 Nc6 4. e4 e5 5. d5 Ne7 6. f3 h6 7. Be3 Bd7 8. Qd2
a6 9. g4 g5 10. h4 gxh4 11. O-O-O Ng6 12. Nge2 b5 13. cxb5 axb5 14. a3 Qb8
15. Na2 c5 16. dxc6 Bxc6 17. Kb1 d5 18. exd5 Bxd5 19. Bg2 b4 20. Nxb4 Bxb4
21. Qxb4 Qxb4 22. axb4 Ba2+ 23. Kc2 Rc8+ 24. Nc3 O-O 25. Bc5 Rfe8 26. Nxa2
e4 27. fxe4 Nxg4 28. Nc3 Rxc5 29. bxc5 Ne3+ 30. Kb1 Nxg2 31. Nd5 Kg7 32. c6
Rc8 33. c7 N6f4 34. Rc1 Ne6 35. b4 Ngf4 36. Nxf4 Nxf4 37. b5 Nd3 38. b6 Nxc1
39. Rxc1 h3 40. b7 Re8 41. b8=Q Rxe4 42. c8=Q Rb4+ 43. Qxb4 h2 44. Qcg4+ Kf6
45. Qd6# {Black checkmated} 1-0

[Event "ICC Open 2015"]
[Site "Internet Chess Club"]
[Date "2015.05.29"]
[Round "6"]
[White "Ricardov"]
[Black "EndgamesMaster"]
[Result "1-0"]
[ICCResult "Black forfeits on time"]
[WhiteElo "2331"]
[BlackElo "1748"]
[Opening "Queen's pawn, Mason variation"]
[ECO "D00"]
[NIC "QP.08"]
[Time "20:23:29"]
[TimeControl "180+0"]

1. d4 d5 2. Bf4 Bf5 3. e3 e6 4. c4 c5 5. Nc3 cxd4 6. exd4 dxc4 7. Bxc4 Nc6
8. Nf3 Bd6 9. Bxd6 Qxd6 10. O-O Nf6 11. d5 Ne5 12. Nxe5 Qxe5 13. dxe6 Bxe6
14. Bxe6 fxe6 15. Re1 Qf5 16. Qb3 O-O 17. Qxe6+ Qxe6 18. Rxe6 Rad8 19. Rd1
Rxd1+ 20. Nxd1 Rd8 21. Nc3 Rd2 22. Re2 Rd3 23. f3 Nh5 24. Ne4 Nf4 25. Rd2
Re3 26. Kf2 Rd3 27. b3 Kf7 28. Rxd3 Nxd3+ 29. Ke3 Ne1 30. g3 Nc2+ 31. Kf4
Nb4 32. Nc3 Kf6 33. Ke4 Ke6 34. f4 g6 35. g4 Nc2 36. f5+ gxf5+ 37. gxf5+ Kf6
38. Nd5+ Kf7 39. Ke5 Ne3 40. Nxe3 {Black forfeits on time} 1-0

[Event "ICC Open 2015"]
[Site "Internet Chess Club"]
[Date "2015.05.29"]
[Round "6"]
[White "chessfidebullet"]
[Black "waynehatcher"]
[Result "1-0"]
[ICCResult "Black checkmated"]
[WhiteElo "1175"]
[BlackElo "1705"]
[Opening "French: advance, Nimzovich system"]
[ECO "C00"]
[NIC "FR.01"]
[Time "20:23:09"]
[TimeControl "180+0"]

1. e4 e6 2. Nf3 d5 3. e5 c5 4. d4 Nc6 5. dxc5 Bxc5 6. Nc3 a6 7. Bg5 Nge7 8.
Bd3 b5 9. O-O Qc7 10. Qd2 Bb7 11. a3 Nxe5 12. Nxe5 Qxe5 13. Bf4 Qf6 14. b4
Bd4 15. Nxb5 axb5 16. Bxb5+ Bc6 17. Bg5 Qg6 18. Bxe7 Bxb5 19. Qxd4 Bxf1 20.
Qc5 f6 21. Bd6 Rd8 22. Qc6+ Rd7 23. Qc8+ Rd8 24. Qxe6# {Black checkmated}
1-0

[Event "ICC Open 2015"]
[Site "Internet Chess Club"]
[Date "2015.05.29"]
[Round "6"]
[White "smoothg"]
[Black "Cristhian-ator"]
[Result "0-1"]
[ICCResult "White checkmated"]
[WhiteElo "1794"]
[BlackElo "2383"]
[Opening "Sicilian: Grand Prix attack"]
[ECO "B23"]
[NIC "SI.44"]
[Time "20:22:40"]
[TimeControl "180+0"]

1. e4 c5 2. Nc3 Nc6 3. f4 g6 4. Nf3 Bg7 5. Bb5 Nd4 6. Bd3 e6 7. Nxd4 cxd4 8.
Nb5 Qb6 9. e5 Ne7 10. Nd6+ Kf8 11. O-O Nf5 12. Bxf5 gxf5 13. Qh5 Ke7 14.
Qxf7+ Kd8 15. Qxg7 d3+ 16. Kh1 Re8 17. Nxe8 Kxe8 18. Qg8+ Ke7 19. Qxh7+ Kd8
20. cxd3 Qd4 21. Qh4+ Kc7 22. Qg3 b6 23. Qe3 Qb4 24. b3 Bb7 25. Bb2 Rg8 26.
Rf2 Qe7 27. Rc1+ Kb8 28. Qd4 Qh4 29. Qe3 Rh8 30. h3 Rg8 31. Kh2 Bd5 32. Ba3
Qh7 33. Bd6+ Ka8 34. d4 Qg7 35. Rg1 Rc8 36. Bb4 Rc2 37. a3 Qh6 38. Bd6 Rc8
39. a4 Kb7 40. Be7 a6 41. Bg5 Qf8 42. d3 Qb4 43. Qd2 Qxb3 44. Rc1 Rg8 45.
Qc3 Qxa4 46. Qc7+ Ka8 47. Qxb6 Bc6 48. d5 Rb8 49. Qc5 Bxd5 50. Qd6 Bc6 51.
Be7 a5 52. Qc5 Rb5 53. Qc3 Rb3 54. Qc2 Qb5 55. Qe2 a4 56. Qc2 Rxd3 57. Ra1
Rb3 58. Qa2 Kb7 59. Bd6 Qc4 60. Qd2 Qb5 61. Rc1 Qb6 62. Qe1 Rb5 63. Bc5 Rxc5
64. Rxc5 Qxc5 65. Rb2+ Kc8 66. Qf1 Qd4 67. Rf2 Kd8 68. Qe2 a3 69. Qh5 Kc7
70. Qg5 Qxf2 71. Qe7 Qxg2# {White checkmated} 0-1

[Event "ICC Open 2015"]
[Site "Internet Chess Club"]
[Date "2015.05.29"]
[Round "6"]
[White "want2win"]
[Black "Talion"]
[Result "1-0"]
[ICCResult "Black forfeits on time"]
[WhiteElo "2425"]
[BlackElo "2862"]
[Opening "Neo-Grünfeld, 6.O-O, main line"]
[ECO "D79"]
[NIC "QP.11"]
[Time "20:22:58"]
[TimeControl "180+0"]

1. Nf3 Nf6 2. g3 g6 3. Bg2 Bg7 4. O-O O-O 5. c4 c6 6. d4 d5 7. cxd5 cxd5 8.
Nc3 e6 9. Ne5 Nfd7 10. Nxd7 Bxd7 11. Bf4 Qb6 12. e3 Qxb2 13. Qd3 Qa3 14.
Rfb1 Bc6 15. Rb3 Qe7 16. Nb5 e5 17. dxe5 Bxe5 18. Bxe5 Qxe5 19. Rd1 Na6 20.
Rc3 Rfd8 21. Nd4 Bd7 22. Nf3 Qf6 23. Rcc1 Ba4 24. Rd2 Rac8 25. Rxc8 Rxc8 26.
h4 Rc1+ 27. Kh2 Bc6 28. Nd4 Rc4 29. Nxc6 bxc6 30. Qa3 Qc3 31. Rd3 Qxa3 32.
Rxa3 Nb4 33. Rxa7 Rc2 34. a3 Nd3 35. Rc7 Rxf2 36. Kg1 Rc2 37. a4 Nb4 38. Rb7
c5 39. a5 Ra2 40. Rb5 Rc2 41. Bf1 Kg7 42. Rb6 Ra2 43. a6 Nc2 44. Kf2 c4 45.
Kf3 Ne1+ 46. Kg4 h5+ 47. Kh3 Nf3 48. Bg2 Ne5 49. Bxd5 Ra5 50. e4 c3 51. Rb1
Rxa6 52. Rc1 Ra3 53. Kg2 f6 54. Kf1 g5 55. hxg5 fxg5 56. Ke2 h4 57. gxh4
gxh4 58. Rg1+ Kh6 59. Rg8 Kh5 60. Rh8+ Kg4 61. Be6+ Kf4 62. Rxh4+ Kg3 63.
Rg4+ Nxg4 64. Bxg4 {Black forfeits on time} 1-0

[Event "ICC Open 2015"]
[Site "Internet Chess Club"]
[Date "2015.05.29"]
[Round "6"]
[White "BlitzorDDD"]
[Black "EREBUNI"]
[Result "0-1"]
[ICCResult "White resigns"]
[WhiteElo "3161"]
[BlackElo "3076"]
[Opening "English opening"]
[ECO "A05"]
[NIC "QP.11"]
[Time "20:23:31"]
[TimeControl "180+0"]

1. Nf3 Nf6 2. c4 b6 3. Nc3 Bb7 4. d3 d5 5. cxd5 Nxd5 6. e4 Nxc3 7. bxc3 e6
8. Be2 Be7 9. Qa4+ c6 10. O-O O-O 11. Rd1 c5 12. Bf4 Qd7 13. Qc2 Nc6 14. d4
cxd4 15. cxd4 Rac8 16. Qb1 Bd6 17. Be3 Rfd8 18. a3 Na5 19. Bg5 Be7 20. Ne5
Qd6 21. Bf4 Bf6 22. g3 Qe7 23. Qb4 Bxe4 24. Ba6 Rc2 25. Bd3 Bxd3 26. Rxd3
Qxb4 27. axb4 Bxe5 28. Bxe5 Nc6 29. Re3 f6 30. Bc7 Rd7 31. Bf4 g5 32. b5
Nxd4 33. Bb8 Nxb5 34. Rxe6 Rc8 35. Rb1 Nc3 36. Rb3 Kf7 37. Re1 Nd5 38. Bxa7
Rxa7 39. Rb5 Rd7 40. Rd1 Rcd8 41. Rd3 Nc7 42. Rxd7+ Rxd7 43. Rxb6 Ne6 44.
Rb1 Kg6 45. Kg2 Rd6 46. Rb4 h5 47. h4 g4 48. Rb2 Rd1 49. Rb5 Nd4 50. Rd5 Rd2
51. Rd7 Nf3 52. Re7 Ne5 53. Ra7 Nd3 54. Rd7 Ne1+ 55. Kg1 Rxd7 {White
resigns} 0-1